 Dungeon Sprint DCSS version 0.30.1-11-g7821555f0a (webtiles) character file.

Game seed: 17770974814536149203

78065 Groucho the Contemplative (level 16, 0/147 HPs)
             Began as a Formicid Fighter on Nov 25, 2023.
             Was a Priest of Cheibriados.
             Slain by Mennas
             ... wielding a +4 sacred scourge of holy wrath
              (16 damage)
             ... in the Dungeon (Sprint IX: "|||||||||||||||||||||||||||||").
             The game lasted 00:15:08 (9755 turns).

Groucho the Contemplative (Formicid Fighter)        Turns: 9755, Time: 00:15:09

Health: 0/147      AC: 27    Str: 36    XL:     16   Next: 7%
Magic:  28/33      EV: 21    Int: 15    God:    Cheibriados [***...]
Gold:   1932       SH: 16    Dex: 23    Spells: 15/15 levels left

rFire   . . .        C - +3 demon whip
rCold   . . .        c - +0 buckler
rNeg    . . .        p - +2 plate armour
rPois   .            (helmet unavailable)
rElec   .            o - +0 cloak
rCorr   .            w - +0 pair of gloves
SInv    +            D - +1 pair of boots
Will    +....        x - amulet of reflection Stlth
                     A - +4 ring of slaying
HPRegen 0.44/turn    q - +3 ring of dexterity
MPRegen 0.23/turn

%: reflection
@: mighty, glowing, silenced, very slow
A: permanent stasis, dig shafts and tunnels, antennae 3, four strong arms
a: Dig, Renounce Religion


You were in the Dungeon.
You worshipped Cheibriados.
Cheibriados was most pleased with you.
You visited 1 branch You collected 1932 gold pieces.

Inventory:

Hand Weapons
 a - a +0 flail
 l - the +6 Majin-Bo {spellvamp, MP+6 Int+6}
   (You found it in the Dungeon)

   Int:       It affects your intelligence (+6).
   MP:        It affects your magic capacity (+6).
 m - a +2 heavy morningstar
 B - the +9 staff of Olgreb {rPois∞}
   (You found it in the Dungeon)

   It enhances your poison magic.
   It grants immunity to poison.
   It can be activated via the 'a'bility menu to radiate toxic energy, with
   effectiveness depending on Evocations skill.
 C - a +3 demon whip (weapon)
Armour
 c - a +0 buckler (worn)
 o - a +0 cloak (worn)
 p - a +2 plate armour (worn)
 w - a +0 pair of gloves (worn)
 D - a +1 pair of boots (worn)
Jewellery
 b - a +2 ring of protection
 q - a +3 ring of dexterity (right hand)
 x - an amulet of reflection (around neck)
 y - a ring of poison resistance
 z - a ring of ice
 A - a +4 ring of slaying (left hand)
Wands
 k - a wand of light (9)
Scrolls
 h - 3 scrolls of blinking
 j - 2 scrolls of amnesia
 n - a scroll of fog
 s - 4 scrolls of enchant armour
 t - 3 scrolls of identify
 v - 2 scrolls of fear
Potions
 d - a potion of might
 e - a potion of curing
 f - 2 potions of invisibility
 g - 3 potions of magic
 r - 2 potions of brilliance


   Skills:
 + Level 19.4 Fighting
 + Level 17.8 Maces & Flails
 + Level 19.4 Armour
 + Level 16.3 Dodging
 + Level 22.5 Shields
 * Level 26.7 Invocations


You had 15 spell levels left.
You didn't know any spells.
Your spell library was empty.

Dungeon Overview and Level Annotations

Branches:
Dungeon (1/1)

Altars:
Cheibriados
Dithmenos
Elyvilon
Fedhas
Gozag
Hepliaklqana
Kikubaaqudgha
Makhleb
Nemelex Xobeh
Okawaru
Qazlal
Ru
Sif Muna
Trog
Uskayaw
Vehumet
Wu Jian
Xom
Yredelemnul
Zin
The Shining One
Jiyva
Lugonu

Shops:
D ![*(

Annotations:
D Mennas


Innate Abilities, Weirdness & Mutations

You cannot be hasted, slowed, berserked, paralysed or teleported.
You can dig through walls and to a lower floor.
You have a pair of large antennae on your head. (SInv)
Your four strong arms can wield two-handed weapons with a shield.


Message History

Mennas hits you with a +4 sacred scourge of holy wrath!
* * * LOW HITPOINT WARNING * * *
Mennas hits you but does no damage.
Unknown command.
You feel better.
Mennas hits you with a +4 sacred scourge of holy wrath.
* * * LOW HITPOINT WARNING * * *
You block Mennas's attack.
Mennas hits you with a +4 sacred scourge of holy wrath!
* * * LOW HITPOINT WARNING * * *
Mennas hits you but does no damage.
Unknown command.
Activating: Slouch (0% risk of failure)
Press: ? - help, Dir - look around, f - activate You can feel time thicken for a moment.
You can no longer inflict damage on those overly hasty.
Cheibriados lowers the support of your attributes as your movement quickens.
Mennas hits you with a +4 sacred scourge of holy wrath.
* * * LOW HITPOINT WARNING * * *
Mennas hits you with a +4 sacred scourge of holy wrath.
* * * LOW HITPOINT WARNING * * *
Unknown command.
Unknown command.
Okay, then.
Unknown command.
Unknown command.
Unknown command.
Unknown command.
Mennas blocks your attack.
Mennas is heavily wounded.
Mennas gestures frantically.
Mennas's surroundings become eerily quiet.
Unknown command.
Unknown command.
Mennas blocks your attack.
Mennas is heavily wounded.
Mennas is caught in a moment of prayer.
Mennas hits you but does no damage.
Mennas hits you with a +4 sacred scourge of holy wrath!
You die...

.▓.▓.▓[▓.▓)▓.▓)▓)▓
{
.▓∩▓.▓†▓.▓)▓.▓)▓.▓
{
.▓[▓.▓)▓.▓'▓.▓)▓[▓
{
.▓)▓.▓†▓.▓.▓)▓)▓.▓
{
.▓)▓.▓(▓.▓.▓.▓.▓.▓
{
.▓)▓.▓'▓.▓.▓.▓.▓.▓
{
.▓)▓.▓.▓.▓.▓.▓)▓.▓
{
.▓'▓.▓.▓.▓)▓.▓)▓.▓
{
)▓.▓.▓.▓.▓)▓.▓)▓@▓
{
.▓.▓.▓.▓.▓)▓.▓)▓A▓
.▓.▓.▓.▓.▓)▓.▓)▓.▓
{
.▓.▓.▓.▓.▓)▓.▓'▓.▓
{
.▓.▓.▓.▓.▓)▓.▓.▓.▓
.▓.▓.▓!▓.♣.♣.▓.▓.▓
{
.▓)▓.▓!▓.♣.♣.▓.▓.▓
{
.▓.▓.▓.▓.♣.♣.▓.▓.▓
.▓.▓.▓[▓.♣.♣.▓.▓


You could see Mennas (silencing).

Vanquished Creatures
  Boris (D)
  Margery (D)
  2 liches (D)
  A sphinx (D)
  Frances (D)
  A tengu reaver (D)
  A shadow dragon (D)
  A frost giant (D)
  2 emperor scorpions (D)
  3 vault wardens (D)
  A ghost moth (D)
  2 very ugly things (D)
  2 stone giants (D)
  An ironbound preserver (D)
  Nessos (D)
  A spark wasp (D)
  6 dire elephants (D)
  3 ettins (D)
  Josephine (D)
  A merfolk javelineer (D)
  2 yaktaur captains (D)
  A fire dragon (D)
  2 entropy weavers (D)
  3 rakshasas (D)
  3 ice dragons (D)
  A spriggan air mage (D)
  A catoblepas (D)
  A merfolk avatar (D)
  6 ogre magi (D)
  Erolcha (D)
  2 hydras (D)
  A jorogumo (D)
  3 centaur warriors (D)
  A ghost crab (D)
  A boulder beetle (D)
  2 two-headed ogres (D)
  A merfolk aquamancer (D)
  A spriggan berserker (D)
  2 naga sharpshooters (D)
  A shock serpent (D)
  4 hell knights (D)
  Nergalle (D)
  A skyshark (D)
  A glowing orange brain (D)
  A spriggan druid (D)
  A deep troll (D)
  2 swamp dragons (D)
  A naga ritualist (D)
  A bog body (D)
  2 wizards (D)
  2 necromancers (D)
  2 ironbound convokers (D)
  A lindwurm (D)
  5 orc knights (D)
  2 ugly things (D)
  An orc sorcerer (D)
  2 manticores (D)
  Joseph (D)
  2 naga magi (D)
  3 vault sentinels (D)
  5 cane toads (D)
  A guardian serpent (D)
  4 elephants (D)
  5 black mambas (D)
  A gargoyle (D)
  A kobold demonologist (D)
  An unseen horror (D)
  A rime drake (D)
  A yaktaur (D)
  An efreet (D)
  A polar bear (D)
  5 trolls (D)
  A tarantella (D)
  3 merfolk (D)
  A jumping spider (D)
  3 slime creatures (D)
  A snapping turtle (D)
  A culicivora (shapeshifter) (D)
  5 wraiths (D)
  A yak (D)
  A basilisk (D)
  A redback (D)
  A naga (D)
  2 water moccasins (D)
  A swamp drake (D)
  7 orc warriors (D)
  2 black bears (D)
  A wolf (D)
  2 bullfrogs (D)
  A gnoll sergeant (D)
  4 orc priests (D)
  A sleepcap (D)
  6 orc wizards (D)
  An adder (D)
  An ufetubus (D)
  6 orcs (D)
  2 endoplasms (D)
  A hobgoblin (D)
  A ball python (D)
  A goblin (D)
  A quokka simulacrum (D)
192 creatures vanquished.

Vanquished Creatures (others)
  A swamp dragon (D)
1 creature vanquished.

Grand Total: 193 creatures vanquished

Notes
Turn   | Place    | Note
-------+----------+-------------------------------------------
     0 | D        | Groucho the Formicid Fighter began the quest for the Orb.
     0 | D        | Reached XP level 1. HP: 18/18 MP: 1/1
    12 | D        | Reached skill level 1 in Dodging
    26 | D        | Noticed a black bear
    26 | D        | Noticed a sleepcap
    26 | D        | Noticed a black bear
    28 | D        | Reached XP level 2. HP: 25/25 MP: 2/2
    32 | D        | Reached skill level 5 in Shields
    32 | D        | Reached XP level 3. HP: 29/30 MP: 3/3
    37 | D        | Killed a black bear
    38 | D        | Reached skill level 5 in Fighting
    38 | D        | Reached skill level 5 in Armour
    38 | D        | Reached XP level 4. HP: 26/39 MP: 4/4
    38 | D        | Reached XP level 5. HP: 29/44 MP: 5/5
    54 | D        | Killed a black bear
    55 | D        | Reached skill level 5 in Maces & Flails
    55 | D        | Reached XP level 6. HP: 14/53 MP: 6/6
   592 | D        | Found a snail-covered altar of Cheibriados.
   592 | D        | Found a shadowy altar of Dithmenos.
   592 | D        | Found a white marble altar of Elyvilon.
   592 | D        | Found a blossoming altar of Fedhas.
   592 | D        | Found an opulent altar of Gozag.
   593 | D        | Found a hazy altar of Hepliaklqana.
   594 | D        | Found a viscous altar of Jiyva.
   595 | D        | Found an ancient bone altar of Kikubaaqudgha.
   596 | D        | Became a worshipper of Cheibriados the Contemplative
   597 | D        | Found a corrupted altar of Lugonu.
   598 | D        | Found a burning altar of Makhleb.
   599 | D        | Found a sparkling altar of Nemelex Xobeh.
   600 | D        | Found an iron altar of Okawaru.
   601 | D        | Found a stormy altar of Qazlal.
   602 | D        | Found a sacrificial altar of Ru.
   603 | D        | Found a shimmering blue altar of Sif Muna.
   604 | D        | Found a bloodstained altar of Trog.
   605 | D        | Found a hide-covered altar of Uskayaw.
   606 | D        | Found a radiant altar of Vehumet.
   607 | D        | Found an ornate altar of the Wu Jian Council.
   608 | D        | Found a shimmering altar of Xom.
   609 | D        | Found a basalt altar of Yredelemnul.
   610 | D        | Found a glowing silver altar of Zin.
   611 | D        | Found a glowing golden altar of the Shining One.
   619 | D        | Found the +6 Majin-Bo {spellvamp, MP+6 Int+6}
   663 | D        | Noticed an unseen horror
   663 | D        | Noticed a two-headed ogre
   663 | D        | Noticed a yak
   665 | D        | Killed a yak
   666 | D        | Reached skill level 5 in Dodging
   666 | D        | Reached skill level 4 in Invocations
   669 | D        | Killed a two-headed ogre
   670 | D        | Reached skill level 10 in Shields
   670 | D        | Reached skill level 7 in Invocations
   670 | D        | Reached XP level 7. HP: 9/63 MP: 6/12
   670 | D        | Reached XP level 8. HP: 10/69 MP: 6/13
   674 | D        | Reached * piety under Cheibriados
   675 | D        | Reached skill level 8 in Invocations
   682 | D        | Killed an unseen horror
   682 | D        | Reached ** piety under Cheibriados
   683 | D        | Reached skill level 9 in Invocations
  1071 | D        | Noticed a centaur warrior
  1071 | D        | Noticed a wraith
  1071 | D        | Noticed a gargoyle
  1071 | D        | Noticed a two-headed ogre
  1071 | D        | Noticed a kobold demonologist
  1071 | D        | Noticed an efreet
  1075 | D        | Killed an efreet
  1076 | D        | Reached XP level 9. HP: 71/76 MP: 14/16
  1076 | D        | Noticed an ice devil
  1086 | D        | Killed a kobold demonologist
  1086 | D        | Reached *** piety under Cheibriados
  1087 | D        | Reached skill level 10 in Invocations
  1089 | D        | Killed a two-headed ogre
  1090 | D        | Reached skill level 10 in Fighting
  1090 | D        | Reached skill level 10 in Armour
  1090 | D        | Reached skill level 11 in Invocations
  1090 | D        | Killed a gargoyle
  1094 | D        | Reached **** piety under Cheibriados
  1095 | D        | Reached XP level 10. HP: 47/86 MP: 18/18
  1097 | D        | Killed a centaur warrior
  1098 | D        | Reached skill level 12 in Invocations
  1536 | D        | Noticed a black mamba
  1536 | D        | Noticed a catoblepas
  1536 | D        | Noticed a cane toad
  1536 | D        | Noticed a black mamba
  1538 | D        | Noticed a cane toad
  1543 | D        | Killed a catoblepas
  1544 | D        | Reached skill level 13 in Invocations
  1547 | D        | Killed a black mamba
  1547 | D        | Reached ***** piety under Cheibriados
  1550 | D        | Killed a cane toad
  1551 | D        | Reached skill level 10 in Maces & Flails
  1558 | D        | Killed a black mamba
  1569 | D        | Killed a cane toad
  1570 | D        | Reached skill level 14 in Invocations
  1571 | D        | Reached XP level 11. HP: 29/93 MP: 21/21
  1572 | D        | Reached ****** piety under Cheibriados
  2364 | D        | Noticed a skyshark
  2385 | D        | Reached skill level 15 in Invocations
  2391 | D        | Killed a skyshark
  2394 | D        | Reached skill level 10 in Dodging
  2965 | D        | Noticed a dire elephant
  2965 | D        | Noticed an elephant
  2965 | D        | Noticed an elephant
  2965 | D        | Noticed an elephant
  2965 | D        | Noticed a dire elephant
  2965 | D        | Noticed a dire elephant
  2971 | D        | Noticed an elephant
  2972 | D        | Killed a dire elephant
  2978 | D        | Noticed a dire elephant
  2980 | D        | Killed a dire elephant
  2981 | D        | Reached skill level 16 in Invocations
  2989 | D        | Killed a dire elephant
  2994 | D        | Killed an elephant
  2995 | D        | Reached skill level 15 in Shields
  2995 | D        | Killed a dire elephant
  2995 | D        | Killed an elephant
  2995 | D        | Killed an elephant
  2995 | D        | Killed an elephant
  2996 | D        | Reached skill level 17 in Invocations
  2996 | D        | Reached XP level 12. HP: 56/105 MP: 3/24
  3375 | D        | Noticed Joseph
  3383 | D        | Killed Joseph
  3954 | D        | Found Wedgh's Antique Weapon Boutique.
  3954 | D        | Noticed an ogre mage
  3954 | D        | Noticed an ogre mage
  3954 | D        | Noticed an ogre mage
  3957 | D        | Reached skill level 18 in Invocations
  3957 | D        | Killed an ogre mage
  3957 | D        | Killed an ogre mage
  3957 | D        | Killed an ogre mage
  3958 | D        | Noticed an ogre mage
  3958 | D        | Noticed an ogre mage
  3959 | D        | Found Osmayj's General Store.
  3961 | D        | Found Kaoc's Armour Boutique.
  3964 | D        | Killed an ogre mage
  3966 | D        | Killed an ogre mage
  3969 | D        | Found Luidegapoa's Distillery.
  3988 | D        | Noticed a stone giant
  3988 | D        | Noticed an ogre mage
  3989 | D        | Noticed a deep troll
  3993 | D        | Killed a stone giant
  3994 | D        | Reached skill level 19 in Invocations
  3994 | D        | Reached XP level 13. HP: 50/114 MP: 21/26
  3996 | D        | Killed an ogre mage
  4407 | D        | Noticed Josephine
  4411 | D        | Killed Josephine
  4732 | D        | Found the +9 staff of Olgreb {rPois∞}
  4822 | D        | Noticed a centaur warrior
  4828 | D        | Noticed an ice dragon
  4837 | D        | Noticed a lich
  4842 | D        | Noticed a red very ugly thing
  4842 | D        | Noticed an ice dragon
  4854 | D        | Noticed an ice dragon
  4860 | D        | Killed a centaur warrior
  4861 | D        | Reached skill level 15 in Fighting
  4861 | D        | Reached skill level 15 in Armour
  4861 | D        | Reached skill level 20 in Invocations
  4875 | D        | Killed a lich
  4883 | D        | Killed a red very ugly thing
  4885 | D        | Killed an ice dragon
  4885 | D        | Killed an ice dragon
  4885 | D        | Killed an ice dragon
  4888 | D        | Noticed a stone giant
  4904 | D        | Killed a stone giant
  4905 | D        | Reached skill level 21 in Invocations
  5363 | D        | Noticed Erolcha
  5368 | D        | Killed Erolcha
  5408 | D        | Noticed Nergalle
  5420 | D        | Killed Nergalle
  5497 | D        | Noticed a ghost moth
  5497 | D        | Noticed an emperor scorpion
  5497 | D        | Noticed a jorogumo
  5497 | D        | Noticed an entropy weaver
  5501 | D        | Killed an entropy weaver
  5507 | D        | Noticed an emperor scorpion
  5521 | D        | Reached XP level 14. HP: 89/124 MP: 0/28
  5532 | D        | Killed an emperor scorpion
  5536 | D        | Killed a ghost moth
  5546 | D        | Killed an emperor scorpion
  5547 | D        | Reached skill level 22 in Invocations
  6017 | D        | Reached skill level 15 in Maces & Flails
  6822 | D        | Reached skill level 23 in Invocations
  7227 | D        | Noticed Frances
  7240 | D        | Killed Frances
  7265 | D        | Noticed Nessos
  7269 | D        | Killed Nessos
  7787 | D        | Noticed a sphinx
  7787 | D        | Noticed a spark wasp
  7788 | D        | Noticed a frost giant
  7794 | D        | Noticed a green very ugly thing
  7814 | D        | Killed a spark wasp
  7821 | D        | Reached skill level 24 in Invocations
  7821 | D        | Reached XP level 15. HP: 116/134 MP: 29/31
  7825 | D        | Killed a sphinx
  7826 | D        | Noticed a tengu reaver
  7829 | D        | Noticed a shadow dragon
  7834 | D        | Killed a frost giant
  7835 | D        | Noticed a lich
  7842 | D        | Killed a green very ugly thing
  7851 | D        | Killed a lich
  7852 | D        | Reached skill level 15 in Dodging
  7860 | D        | Killed a tengu reaver
  7866 | D        | Killed a shadow dragon
  8161 | D        | Reached skill level 25 in Invocations
  8227 | D        | Noticed an ironbound preserver
  8254 | D        | Killed an ironbound preserver
  8284 | D        | Noticed a vault warden
  8285 | D        | Noticed a vault warden
  8290 | D        | Noticed a vault warden
  8298 | D        | Killed a vault warden
  8298 | D        | Killed a vault warden
  8300 | D        | Reached skill level 26 in Invocations
  8301 | D        | Killed a vault warden
  8708 | D        | Noticed Margery
  8720 | D        | Killed Margery
  8721 | D        | Reached XP level 16. HP: 133/146 MP: 3/33
  9034 | D        | Noticed Boris
  9046 | D        | HP: 2/141 [Boris/bolt of cold (30)]
  9048 | D        | Killed Boris
  9726 | D        | Identified the +2 tower shield "Maez" {rC+ SInv}
  9726 | D        | Noticed Mennas
  9755 | D        | Slain by Mennas

Illustrated notes

Levels and vault maps discovered:
D:        linesprint [early_d, line_temple, items_1, d_10, items_2, lair_1,
          lair_end, items_3, orc_1, orc_end, items_4, d_15, swamp_1, shoals_1,
          snake_1, spider_1, d_20, vaults_1, items_5, swamp_end, shoals_end,
          snake_end, spider_end, vaults_end, d_27, items_6, zot_1, zot_end,
          crypt_end, forest_end, elf_end, slime_end, tomb_end, abyss_end,
          pan_hell_end]

Skill      XL: |  1  2  3  4  5  6  7  8  9 10 11 12 13 14 15 |
---------------+----------------------------------------------+-----
Dodging        | 1 3 4 6 7 8 9 10 11 13 14 16 | 16.3
Fighting       | 4 5 6 8 9 10 11 13 14 15 17 19 | 19.4
Maces & Flails | 3 4 5 7 8 9 10 11 13 14 16 17 | 17.8
Armour         | 4 5 6 8 9 10 11 13 14 15 17 19 | 19.4
Shields        | 5 6 8 10 12 13 15 16 18 20 22 | 22.5
Invocations    | 7 9 11 14 17 19 21 24 26 | 26.7

Action                     |  1- 3 |  4- 6 |  7- 9 | 10-12 | 13-15 | 16-18 || total
---------------------------+-------+-------+-------+-------+-------+-------++-------
  Melee: Flail             |    21 |    14 |       |       |       |       ||    35
         Morningstar       |       |     5 |    31 |   150 |    13 |       ||   199
         Demon whip        |       |       |       |       |   311 |    37 ||   348
 Invoke: Slouch            |       |       |       |     9 |    43 |     7 ||    59
  Evoke: Wand              |       |       |       |       |     1 |       ||     1
    Use: Potion            |       |     2 |     1 |     7 |     6 |     3 ||    19
         Scroll            |       |       |       |       |     2 |       ||     2
   Stab: Invisible         |       |       |       |       |     2 |       ||     2
 Armour: Scale mail        |     8 |    12 |       |       |       |       ||    20
         Plate armour      |       |     4 |    25 |    61 |    76 |    14 ||   180
  Dodge: Dodged            |    10 |    14 |    29 |   127 |   132 |    15 ||   327
  Block: Buckler           |     3 |     7 |    20 |    85 |   170 |    16 ||   301
         Reflection        |       |       |       |       |    15 |       ||    15
